 Dungeon Crawl Stone Soup version 0.17-a0-957-ga3519be (webtiles) character file.

149 FedoraBrony69 the Conjurer (level 5, -5/28 HPs)
             Began as a Deep Elf Conjurer on May 7, 2015.
             Killed by divine providence
             ... invoked by an orc priest
              (9 damage)
             ... on level 3 of the Dungeon.
             The game lasted 00:05:17 (2481 turns).

FedoraBrony69 the Conjurer (Deep Elf Conjurer)      Turns: 2481, Time: 00:05:17

Health: -5/28      AC:  3    Str:  8    XL:     5   Next: 9%
Magic:  0/15       EV: 13    Int: 21    God:
Gold:   83         SH:  0    Dex: 15    Spells: 3 memorised, 5 levels left

rFire  + . .     SeeInvis .     k - +0 dagger
rCold  . . .     Clarity  .     a - +0 robe
rNeg   . . .     SustAb   .     (no shield)
rPois  .         Gourm    .     (no helmet)
rElec  .         Spirit   .     o - +0 cloak
rCorr  .         Warding  .     (no gloves)
rMut   .         Stasis   .     (no boots)
MR     .....                    (no amulet)
Stlth  ++........               x - +3 ring of strength
                                f - ring of protection from fire

@: not resistant to hostile enchantments, unstealthy
A: no striking features
a: no special abilities


You were on level 3 of the Dungeon.
You were hungry.

You visited 1 branch of the dungeon, and saw 3 of its levels.

You collected 83 gold pieces.

Inventory:

Hand weapons
 k - a +0 dagger (weapon)
Armour
 a - a +0 robe (worn)
 o - a +0 cloak (worn)
 p - a +0 shield
 s - a +2 leather armour of fire resistance
Jewellery
 f - a ring of protection from fire (left hand)
 x - a +3 ring of strength (right hand)
Scrolls
 d - a scroll of teleportation {unknown}
 e - 2 scrolls of enchant weapon {unknown}
 g - 2 scrolls of recharging {unknown}
 l - 3 scrolls of remove curse {unknown}
 m - a scroll of immolation {unknown}
 q - 2 scrolls of magic mapping {unknown}
 t - a scroll of fear {unknown}
 w - a scroll of identify {unknown}
 y - a scroll of enchant armour {unknown}
Potions
 h - a potion of resistance {unknown}
 i - a potion of lignification {unknown}
 n - 3 potions of curing {unknown}
 u - a potion of heal wounds {unknown}
 v - a potion of might {unknown}
Books
 b - a book of Conjurations

   Spells                             Type                      Level
   a - Magic Dart                     Conjuration                  1
   b - Searing Ray                    Conjuration                  2
   c - Dazzling Spray                 Conjuration/Hexes            3
   d - Fulminant Prism                Conjuration/Hexes            4
   e - Iskenderun's Mystic Blast      Conjuration                  4
   f - Iskenderun's Battlesphere      Conjuration/Charms           5
Comestibles
 c - 2 bread rations
 j - 2 beef jerkies
 r - a royal jelly
 z - a chunk of flesh


   Skills:
 - Level 2.4 Dodging
 - Level 2.4 Stealth
 + Level 5.6 Spellcasting
 + Level 5.6 Conjurations
 * Level 1.1 Charms


You had 5 spell levels left.
You knew the following spells:

 Your Spells              Type           Power        Failure   Level  Hunger
a - Magic Dart            Conj           ####         1%          1    None
b - Iskenderun's Battles  Conj/Chrm      ###.....     78%         5    #####..
c - Iskenderun's Mystic   Conj           ####....     12%         4    ####...


Dungeon Overview and Level Annotations

Branches:
Dungeon (3/15)

Altars:
Yredelemnul


Message History

The orc priest misses you. The orc misses you.
You hit the orc priest.
The orc priest is almost dead.
The orc priest closely misses you. The orc barely misses you.
Casting: Magic Dart
Confirm with . or Enter, or press ? or * to list all spells.
Aiming: Magic Dart
Press: ? - help, Shift-Dir - straight line, f/p - orc priest
Aim: an orc priest, wielding a hand axe and wearing a scale mail (almost dead)
The magic dart hits the orc priest.
The orc priest is almost dead.
The orc closely misses you.
The orc priest hits you with a hand axe.
* * * LOW HITPOINT WARNING * * *
You hit the orc priest but do no damage.
The orc priest is almost dead.
The orc barely misses you.
The orc priest invokes the aid of Beogh against you.
Something smites you!
You die...

#.# ##...## ####.# #.####
##.....## #####.### #....##
##.......## ##........
####...####.........####.รท.##.##.
..........+..>......'.........#
####...####.........####....###
..#.# #.......## ##...# .#.##
##.....## ##..... #. ## ##.o@##
##.### #. ##o## .# #. #. .# #) ..
.) ... ...


You could see an orc priest and an orc.

Vanquished Creatures
  4 adders
  4 gnolls (D:2)
  3 worms
  A giant gecko (D:1)
  4 orcs (D:3)
  6 hobgoblins
  6 jackals (D:1)
  11 bats
  6 giant newts
  11 goblins
  6 kobolds
  7 rats
69 creatures vanquished.

Notes
Turn   | Place    | Note
--------------------------------------------------------------
     0 | D:1      | FedoraBrony69, the Deep Elf Conjurer, began the quest for the Orb.
     0 | D:1      | Reached XP level 1. HP: 10/10 MP: 6/6
   102 | D:1      | Reached XP level 2. HP: 15/15 MP: 2/8
   883 | D:2      | Reached XP level 3. HP: 19/19 MP: 8/10
  1085 | D:2      | Reached skill level 5 in Conjurations
  1569 | D:3      | Reached XP level 4. HP: 24/24 MP: 6/12
  1595 | D:3      | Reached skill level 5 in Spellcasting
  2055 | D:2      | Found a basalt altar of Yredelemnul.
  2328 | D:3      | Reached XP level 5. HP: 19/28 MP: 9/15
  2335 | D:3      | Learned a level 5 spell: Iskenderun's Battlesphere
  2340 | D:3      | Learned a level 4 spell: Iskenderun's Mystic Blast
  2463 | D:3      | Reached skill level 1 in Charms
  2481 | D:3      | Killed from afar by an orc priest

Action                   |  1- 3 |  4- 6 || total
-------------------------+-------+-------++-------
Melee: Dagger            |     3 |     5 ||     8
 Cast: Magic Dart        |    84 |    67 ||   151
  Eat: Chunk             |     1 |     3 ||     4
